 Dungeon Crawl Stone Soup version 0.29.1-12-g30fa7ad0bf (webtiles) character file.

Game seed: 17150592275086261735

125 112233 the Conjurer (level 5, 0/42 HPs)
             Began as a Ghoul Conjurer on Dec 25, 2022.
             Slain by a gnoll
             ... wielding a +0 club
              (5 damage)
             ... on level 2 of the Dungeon.
             The game lasted 00:03:27 (3045 turns).

112233 the Conjurer (Ghoul Conjurer)                Turns: 3045, Time: 00:03:28

Health: 0/42       AC:  2    Str:  9 (11) XL:     5   Next: 9%
Magic:  8/8        EV: 12    Int: 14 (15) God:
Gold:   163        SH:  0    Dex:  7      Spells: 8/9 levels left

rFire   . . .      SeeInvis .   c - +0 quarterstaff
rCold   + . .      Faith    .   (shield currently unavailable)
rNeg    + + +      Spirit   .   a - +0 robe
rPois   ∞          Reflect  .   (no helmet)
rElec   .          Harm     .   (no cloak)
rCorr   .          Rampage  .   (no gloves)
Will    .....                   (no boots)
Stlth   ++........              (no amulet)
HPRegen 0.00/turn               (no ring)
MPRegen 0.11/turn               (no ring)

@: brilliant, attractive, inhibited regen
A: claws 1, cold resistance 1, negative energy resistance 3, inhibited
regeneration, torment resistance 2, devour on kill
a: no special abilities


You were on level 2 of the Dungeon.
You visited 1 branch of the dungeon, and saw 3 of its levels.

You collected 163 gold pieces.

Inventory:

Hand Weapons
 c - a +0 quarterstaff (weapon)
Armour
 a - a +0 robe (worn)
Jewellery
 f - a ring of ice
Scrolls
 e - a scroll of vulnerability
 g - 2 scrolls of identify
Potions
 b - a potion of magic
 d - 2 potions of flight


   Skills:
 + Level 2.3 Fighting
 + Level 3.0 Dodging
 - Level 2.3 Stealth
 + Level 2.8 Spellcasting
 - Level 3.3 Conjurations


You had 8 spell levels left.
You knew the following spells:

 Your Spells              Type           Power      Damage    Failure   Level
a - Magic Dart            Conj           68%        1d6       5%          1

Your spell library contained the following spells:

 Spells                   Type           Power      Damage    Failure   Level
 Searing Ray              Conj           34%        2d5       9%          2
 Static Discharge         Conj/Air       10%        3-5/arc   17%         2
 Dazzling Flash           Conj/Hex       20%        N/A       32%         3
 Fulminant Prism          Conj/Hex       5%         3d7       73%         4
 Iskenderun's Mystic Bla  Conj/Tloc      10%        2d4       73%         4
 Lightning Bolt           Conj/Air       5%         1d17      97%         5
 Maxwell's Capacitive Co  Air            1%         ∞         100%        8


Dungeon Overview and Level Annotations

Branches:
Dungeon (3/15)

Altars:
Wu Jian

Annotations:
D:2 exclusion: downstairs
D:3 exclusion: upstairs, Terence


Innate Abilities, Weirdness & Mutations

You are immune to poison.
You have sharp fingernails.
Your flesh is cold resistant. (rC+)
You are immune to negative energy. (rN+++)
You do not regenerate when monsters are visible.
You are immune to unholy pain and torment.
You thrive by killing the living.


Message History

The gnoll hits you with a +0 whip!
You hit the gnoll but do no damage.
The gnoll is almost dead.
The gnoll hits you with a +0 whip. The gnoll closely misses you.
You hit the gnoll but do no damage.
The gnoll is almost dead.
The gnoll barely misses you.
You sock the gnoll!
You kill the gnoll!
You feel better.
Your Dodging skill increases to level 3!
You hit the gnoll.
The gnoll is lightly wounded.
The gnoll closely misses you. The gnoll hits you with a +0 club.
Unknown command.
You closely miss the gnoll.
The gnoll is lightly wounded.
The gnoll hits you with a +0 club.
Unknown command.
You closely miss the gnoll.
The gnoll is lightly wounded.
You sock the gnoll!
The gnoll is severely wounded.
The gnoll hits you with a +0 club. x2
The gnoll attacks as you move away! The gnoll closely misses you.
The gnoll attacks as you move away! The gnoll barely misses you.
You hit the gnoll.
The gnoll is moderately wounded.
The gnoll hits you with a +0 club.
* * * LOW HITPOINT WARNING * * *
The gnoll hits you with a +0 club.
* * * LOW HITPOINT WARNING * * *
Okay, then.
Okay, then.
You aren't carrying any items that you can evoke.
Unknown command.
You hit the gnoll.
The gnoll is moderately wounded.
The gnoll hits you with a +0 club.
You die...

..###......♣...'..........#.#.##.
..###.###.....##.....#...........
........##...##..................
.####.#..##.###..................
.# #.#..##+#.###.....##.##.##.#.
.# #.#..#..#.###................
.# ......#..........#.####.......
.####.#..#.##..##..##.# ##.####.
.........#.$..gg@..##.# #.# #.
.##............##..##.# #.####.
..#.##.######..##.#####...... #..
#. #)# #................ ##..
#.##.# #.###.##########.
.##...#.##.# #.# #.# #.
.##...#.##.######.###.##########.
###..............................
#...#......................###.


You could see 2 gnolls.

Vanquished Creatures
  A jelly (D:3)
  2 gnolls (D:2)
  2 adders (D:3)
  2 dart slugs (D:2)
  2 orcs (D:3)
  3 ball pythons
  3 bats
  6 endoplasms
  2 giant cockroaches
  7 goblins
  5 hobgoblins
  2 jackals (D:3)
  A quokka (D:1)
  3 frilled lizards
  2 kobolds
  7 rats
50 creatures vanquished.

Notes
Turn   | Place    | Note
-------+----------+-------------------------------------------
     0 | D:1      | 112233 the Ghoul Conjurer began the quest for the Orb.
     0 | D:1      | Reached XP level 1. HP: 14/14 MP: 2/2
   526 | D:1      | Reached XP level 2. HP: 20/20 MP: 0/3
  1244 | D:2      | Noticed a black bear
  1327 | D:2      | Reached XP level 3. HP: 27/27 MP: 3/5
  1381 | D:2      | Reached skill level 1 in Fighting
  1985 | D:3      | Noticed Terence
  2255 | D:3      | Reached XP level 4. HP: 23/35 MP: 2/6
  2826 | D:3      | Found an ornate altar of the Wu Jian Council.
  2974 | D:2      | Reached XP level 5. HP: 37/41 MP: 1/8
  3045 | D:2      | Slain by a gnoll

Illustrated notes

Levels and vault maps discovered:
D:1:      zaba_arrival_water, layout_basic, grunt_decor_mini_mirrors,
          nrook_mini_backslash, hangedman_decor_lopped, minmay_misc_feat_five,
          minmay_hedge_maze
D:2:      layout_basic, grunt_ministairs_15
D:3:      layout_basic, nzn_wu_jian_council_hall, minmay_misc_feat_ornament,
          kennysheep_potato, uniq_terence

Skill      XL: |  1  2  3  4  5 |
---------------+----------------+-----
Dodging        | 2 3 |  3.0
Spellcasting   | 2 |  2.8
Fighting       | 1 2 |  2.3
Stealth        | |  2.3
Conjurations   | |  3.3

Action                   |  1- 3 |  4- 6 || total
-------------------------+-------+-------++-------
Melee: Unarmed           |    19 |       ||    19
       Quarterstaff      |    79 |    20 ||    99
 Cast: Magic Dart        |    24 |    29 ||    53
  Use: Potion            |     1 |     8 ||     9
       Scroll            |       |     2 ||     2
 Stab: Sleeping          |     1 |       ||     1
Armor: Robe              |    18 |     1 ||    19
Dodge: Dodged            |    69 |    23 ||    92
